Workbook

Sheet summary
B1: Summary Financials
B3: Organization Name | C3: ABC Nonprofit | F3: Date: | G3: 4/1/25
F4: Fiscal Year | G4: 46204
G5: (you make formula)
C6: Last Year | D6: Budget This Year | F6: YTD This Year | G6: Projection Rest of Fiscal Year | H6: Projection through end of May 2025
B7: Contributed Income | C7: ='Last Year Actual'!O7 -> 1675500 | D7: ='Current Year Budget'!C8 -> 1685000 | F7: ='Actuals and Projection'!C7 -> 1182222.2 | H7: ='Actuals and Projection'!N7-'Actuals and Projection'!C7 -> 288650
B8: Earned Income | C8: ='Last Year Actual'!C17 -> 25000 | D8: ='Current Year Budget'!C18 -> 95000 | F8: ='Actuals and Projection'!C17 -> 25000 | H8: ='Actuals and Projection'!N17-'Actuals and Projection'!C17 -> 40000
B9: Total Income | C9: =SUM(C7:C8) -> 1700500 | D9: =SUM(D7:D8) -> 1780000 | F9: =SUM(F7:F8) -> 1207222.2
B11: Wages/Benefits | C11: ='Last Year Actual'!O27 -> 900000 | D11: ='Current Year Budget'!C28 -> 927000 | F11: ='Actuals and Projection'!C27 -> 618000 | H11: ='Actuals and Projection'!N27-'Actuals and Projection'!C27 -> 348000
B12: Other Expenses | C12: ='Last Year Actual'!O26-'Last Year Actual'!O27 -> 782000 | D12: ='Current Year Budget'!P27-'Current Year Budget'!P28 -> #DIV/0! | F12: ='Actuals and Projection'!C26-'Actuals and Projection'!C27 -> 440840 | H12: =('Actuals and Projection'!N26-'Actuals and Projection'!C26)-('Actuals and Projection'!N27-'Actuals and Projection'!C27) -> 111199
B13: Total Expenses | C13: =SUM(C11:C12) -> 1682000 | D13: =SUM(D11:D12) -> #DIV/0! | F13: =SUM(F11:F12) -> 1058840 | H13: =SUM(H11:H12) -> 459199
B15: Net Revenue | C15: =C9-C13 -> 18500 | D15: =D9-D13 -> #DIV/0! | F15: =F9-F13 -> 148382.22 | G15: =G9-G13 -> 0 | H15: =H9-H13 -> -459199
B17: Cash Balance as of April 30, 2025 | F17: ='Cash Flow Projection'!D5 -> 156000
B18: Projected Cash Balance as of June 30, 2025 | F18: ='Cash Flow Projection'!M18 -> 25451
B19: Net Cash Flow | F19: =F18-F17 -> -130549
B20: Months of Cash on Hand | F20: ='Cash Flow Projection'!M19 -> 0.55424772
F24: Provided by

Sheet Last Year Actual
B1: Organization Name: | M1: Provided by
A2: Previous Fiscal Year Actual Results
B3: Note: If your fiscal starts in a different month - change the months below
C4: July | D4: Aug | E4: Sept | F4: Oct | G4: Nov | H4: Dec | I4: Jan | J4: Feb | K4: Mar | L4: Apr | M4: May | N4: June | O4: Total Year
A6: Income | C6: =C7+C17 -> 50500 | D6: =D7+D17 -> 250000 | E6: =E7+E17 -> 500000 | F6: =F7+F17 -> 0 | G6: =G7+G17 -> 250000 | H6: =H7+H17 -> 25000 | I6: =I7+I17 -> 0 | J6: =J7+J17 -> 200000 | ... O6: =O7+O17 -> 1770500
B7: Contributed Support | C7: =SUM(C8:C15) -> 25500 | D7: =SUM(D8:D15) -> 250000 | E7: =SUM(E8:E15) -> 500000 | F7: =SUM(F8:F15) -> 0 | G7: =SUM(G8:G15) -> 250000 | H7: =SUM(H8:H15) -> 25000 | I7: =SUM(I8:I15) -> 0 | J7: =SUM(J8:J15) -> 200000 | ... O7: =SUM(O8:O15) -> 1675500
B8: Federal Gov't Grants | C8: 0 | D8: 250000 | G8: 250000 | J8: 200000 | M8: 200000 | O8: =SUM(C8:N8) -> 900000
B9: State Gov't Grants | C9: 0 | E9: 500000 | O9: =SUM(C9:N9) -> 500000
B10: Local Gov't Grants | C10: 0 | O10: =SUM(C10:N10) -> 0
B11: Individual Gifts | C11: 500 | H11: 25000 | O11: =SUM(C11:N11) -> 25500
B12: Memberships | C12: 0 | O12: =SUM(C12:N12) -> 0
B13: Bequests | C13: 0 | O13: =SUM(C13:N13) -> 0
B14: Corporate/Foundation Grants | C14: 0 | O14: =SUM(C14:N14) -> 0
B15: Events Gross Income (incl. sponsorships)* | C15: 25000 | K15: 75000 | L15: 150000 | O15: =SUM(C15:N15) -> 250000
B17: Earned Revenue | C17: =SUM(C18:C24) -> 25000 | D17: =SUM(D18:D24) -> 0 | E17: =SUM(E18:E24) -> 0 | F17: =SUM(F18:F24) -> 0 | G17: =SUM(G18:G24) -> 0 | H17: =SUM(H18:H24) -> 0 | I17: =SUM(I18:I24) -> 0 | J17: =SUM(J18:J24) -> 0 | ... O17: =SUM(O18:O24) -> 95000
B18: Federal Gov't Contracts | O18: =SUM(C18:N18) -> 0
B19: State Gov't Contracts | C19: 25000 | O19: =SUM(C19:N19) -> 25000
B20: Local Gov't Contracts | M20: 70000 | O20: =SUM(C20:N20) -> 70000
B21: Program 1 Fees* | O21: =SUM(C21:N21) -> 0
B22: Program 2 Fees* | O22: =SUM(C22:N22) -> 0
B23: Investment Income | O23: =SUM(C23:N23) -> 0
B24: Other Income | O24: =SUM(C24:N24) -> 0
A26: Expenses | C26: =SUM(C27:C38) -> 128500 | D26: =SUM(D27:D38) -> 128500 | E26: =SUM(E27:E38) -> 128500 | F26: =SUM(F27:F38) -> 128500 | G26: =SUM(G27:G38) -> 128500 | H26: =SUM(H27:H38) -> 128500 | I26: =SUM(I27:I38) -> 128500 | J26: =SUM(J27:J38) -> 128500 | ... O26: =SUM(O27:O38) -> 1682000
B27: Staff Wages/Benefits | C27: 75000 | D27: 75000 | E27: 75000 | F27: 75000 | G27: 75000 | H27: 75000 | I27: 75000 | J27: 75000 | K27: 75000 | L27: 75000 | M27: 75000 | N27: 75000 | O27: =SUM(C27:N27) -> 900000
B28: Lease/Facility Expenses | C28: 25000 | D28: 25000 | E28: 25000 | F28: 25000 | G28: 25000 | H28: 25000 | I28: 25000 | J28: 25000 | K28: 25000 | L28: 25000 | M28: 25000 | N28: 25000 | O28: =SUM(C28:N28) -> 300000
B29: Professional Services | C29: 15000 | D29: 15000 | E29: 15000 | F29: 15000 | G29: 15000 | H29: 15000 | I29: 15000 | J29: 15000 | K29: 15000 | L29: 15000 | M29: 15000 | N29: 15000 | O29: =SUM(C29:N29) -> 180000
B30: Marketing/Advertising | C30: 3500 | D30: 3500 | E30: 3500 | F30: 3500 | G30: 3500 | H30: 3500 | I30: 3500 | J30: 3500 | K30: 3500 | L30: 3500 | M30: 3500 | N30: 3500 | O30: =SUM(C30:N30) -> 42000
B31: Program 1* | L31: 75000 | O31: =SUM(C31:N31) -> 75000
B32: Program 2* | C32: 3500 | D32: 3500 | E32: 3500 | F32: 3500 | G32: 3500 | H32: 3500 | I32: 3500 | J32: 3500 | K32: 3500 | L32: 3500 | M32: 3500 | N32: 3500 | O32: =SUM(C32:N32) -> 42000
B33: Event Expenses | K33: 65000 | O33: =SUM(C33:N33) -> 65000
B34: Other Fundraising Expenses | O34: =SUM(C34:N34) -> 0
B35: Other Administrative | C35: 6500 | D35: 6500 | E35: 6500 | F35: 6500 | G35: 6500 | H35: 6500 | I35: 6500 | J35: 6500 | K35: 6500 | L35: 6500 | M35: 6500 | N35: 6500 | O35: =SUM(C35:N35) -> 78000
B36: Loan Payments | O36: =SUM(C36:N36) -> 0
B37: Credit Card Payment (unless included in other expense categories) | O37: =SUM(C37:N37) -> 0
B38: Other Expenses | O38: =SUM(C38:N38) -> 0
B40: Net Revenue | C40: =C6-C26 -> -78000 | D40: =D6-D26 -> 121500 | E40: =E6-E26 -> 371500 | F40: =F6-F26 -> -128500 | G40: =G6-G26 -> 121500 | H40: =H6-H26 -> -103500 | I40: =I6-I26 -> -128500 | J40: =J6-J26 -> 71500 | ... O40: =O6-O26 -> 88500
B41: *Insert additional programs or events needed if your track them or you can combine into one line
B43: Comments (use this section to explain any unusual expense/revenues that may not be repeated in future years)
B44: Don't forget the grant we got from the State covers both years

Sheet Current Year Budget
B1: Organization Name: | N1: Provided by
A2: This Year's Budget
B3: Note: This assumes your budget was not spread by month. Enter Total Budget and it will autofill using last year's seasonality. If you created a monthly budget, delete the formulas that are in the grey section and manually enter
B4: You will need to delete the "#DIV/0! Where there is no data to pull from.
C5: Annual Budget | D5: ='Last Year Actual'!C4 -> July | E5: ='Last Year Actual'!D4 -> Aug | F5: ='Last Year Actual'!E4 -> Sept | G5: ='Last Year Actual'!F4 -> Oct | H5: ='Last Year Actual'!G4 -> Nov | I5: ='Last Year Actual'!H4 -> Dec | J5: ='Last Year Actual'!I4 -> Jan | K5: ='Last Year Actual'!J4 -> Feb | ... O5: ='Last Year Actual'!N4 -> June | P5: Total Year
A7: Income | C7: =C8+C18 -> 1780000 | D7: =D8+D18 -> #DIV/0! | E7: =E8+E18 -> #DIV/0! | F7: =F8+F18 -> #DIV/0! | G7: =G8+G18 -> #DIV/0! | H7: =H8+H18 -> #DIV/0! | I7: =I8+I18 -> #DIV/0! | J7: =J8+J18 -> #DIV/0! | ... P7: =P8+P18 -> #DIV/0!
B8: Contributed Support | C8: =SUM(C9:C16) -> 1685000 | D8: =SUM(D9:D16) -> #DIV/0! | E8: =SUM(E9:E16) -> #DIV/0! | F8: =SUM(F9:F16) -> #DIV/0! | G8: =SUM(G9:G16) -> #DIV/0! | H8: =SUM(H9:H16) -> #DIV/0! | I8: =SUM(I9:I16) -> #DIV/0! | J8: =SUM(J9:J16) -> #DIV/0! | ... P8: =SUM(P9:P16) -> #DIV/0!
B9: Federal Gov't Grants | C9: 800000 | D9: =$C9*('Last Year Actual'!C8/'Last Year Actual'!$O8) -> 0 | E9: =$C9*('Last Year Actual'!D8/'Last Year Actual'!$O8) -> 222222.22 | F9: =$C9*('Last Year Actual'!E8/'Last Year Actual'!$O8) -> 0 | G9: =$C9*('Last Year Actual'!F8/'Last Year Actual'!$O8) -> 0 | H9: =$C9*('Last Year Actual'!G8/'Last Year Actual'!$O8) -> 222222.22 | I9: =$C9*('Last Year Actual'!H8/'Last Year Actual'!$O8) -> 0 | J9: =$C9*('Last Year Actual'!I8/'Last Year Actual'!$O8) -> 0 | K9: =$C9*('Last Year Actual'!J8/'Last Year Actual'!$O8) -> 177777.78 | ... O9: =$C9*('Last Year Actual'!N8/'Last Year Actual'!$O8) -> 0 | P9: =SUM(D9:O9) -> 800000
B10: State Gov't Grants | C10: ='Last Year Actual'!O9 -> 500000 | D10: =$C10*('Last Year Actual'!C9/'Last Year Actual'!$O9) -> 0 | E10: =$C10*('Last Year Actual'!D9/'Last Year Actual'!$O9) -> 0 | F10: =$C10*('Last Year Actual'!E9/'Last Year Actual'!$O9) -> 500000 | G10: =$C10*('Last Year Actual'!F9/'Last Year Actual'!$O9) -> 0 | H10: =$C10*('Last Year Actual'!G9/'Last Year Actual'!$O9) -> 0 | I10: =$C10*('Last Year Actual'!H9/'Last Year Actual'!$O9) -> 0 | J10: =$C10*('Last Year Actual'!I9/'Last Year Actual'!$O9) -> 0 | K10: =$C10*('Last Year Actual'!J9/'Last Year Actual'!$O9) -> 0 | ... O10: =$C10*('Last Year Actual'!N9/'Last Year Actual'!$O9) -> 0 | P10: =SUM(D10:O10) -> 500000
B11: Local Gov't Grants | C11: ='Last Year Actual'!O10 -> 0 | D11: =$C11*('Last Year Actual'!C10/'Last Year Actual'!$O10) -> #DIV/0! | E11: =$C11*('Last Year Actual'!D10/'Last Year Actual'!$O10) -> #DIV/0! | F11: =$C11*('Last Year Actual'!E10/'Last Year Actual'!$O10) -> #DIV/0! | G11: =$C11*('Last Year Actual'!F10/'Last Year Actual'!$O10) -> #DIV/0! | H11: =$C11*('Last Year Actual'!G10/'Last Year Actual'!$O10) -> #DIV/0! | I11: =$C11*('Last Year Actual'!H10/'Last Year Actual'!$O10) -> #DIV/0! | J11: =$C11*('Last Year Actual'!I10/'Last Year Actual'!$O10) -> #DIV/0! | K11: =$C11*('Last Year Actual'!J10/'Last Year Actual'!$O10) -> #DIV/0! | ... O11: =$C11*('Last Year Actual'!N10/'Last Year Actual'!$O10) -> #DIV/0! | P11: =SUM(D11:O11) -> #DIV/0!
B12: Individual Gifts | C12: 35000 | D12: =$C12*('Last Year Actual'!C11/'Last Year Actual'!$O11) -> 686.27451 | E12: =$C12*('Last Year Actual'!D11/'Last Year Actual'!$O11) -> 0 | F12: =$C12*('Last Year Actual'!E11/'Last Year Actual'!$O11) -> 0 | G12: =$C12*('Last Year Actual'!F11/'Last Year Actual'!$O11) -> 0 | H12: =$C12*('Last Year Actual'!G11/'Last Year Actual'!$O11) -> 0 | I12: =$C12*('Last Year Actual'!H11/'Last Year Actual'!$O11) -> 34313.725 | J12: =$C12*('Last Year Actual'!I11/'Last Year Actual'!$O11) -> 0 | K12: =$C12*('Last Year Actual'!J11/'Last Year Actual'!$O11) -> 0 | ... O12: =$C12*('Last Year Actual'!N11/'Last Year Actual'!$O11) -> 0 | P12: =SUM(D12:O12) -> 35000
B13: Memberships | C13: ='Last Year Actual'!O12 -> 0 | D13: =$C13*('Last Year Actual'!C12/'Last Year Actual'!$O12) -> #DIV/0! | E13: =$C13*('Last Year Actual'!D12/'Last Year Actual'!$O12) -> #DIV/0! | F13: =$C13*('Last Year Actual'!E12/'Last Year Actual'!$O12) -> #DIV/0! | G13: =$C13*('Last Year Actual'!F12/'Last Year Actual'!$O12) -> #DIV/0! | H13: =$C13*('Last Year Actual'!G12/'Last Year Actual'!$O12) -> #DIV/0! | I13: =$C13*('Last Year Actual'!H12/'Last Year Actual'!$O12) -> #DIV/0! | J13: =$C13*('Last Year Actual'!I12/'Last Year Actual'!$O12) -> #DIV/0! | K13: =$C13*('Last Year Actual'!J12/'Last Year Actual'!$O12) -> #DIV/0! | ... O13: =$C13*('Last Year Actual'!N12/'Last Year Actual'!$O12) -> #DIV/0! | P13: =SUM(D13:O13) -> #DIV/0!
B14: Bequests | C14: ='Last Year Actual'!O13 -> 0 | D14: =$C14*('Last Year Actual'!C13/'Last Year Actual'!$O13) -> #DIV/0! | E14: =$C14*('Last Year Actual'!D13/'Last Year Actual'!$O13) -> #DIV/0! | F14: =$C14*('Last Year Actual'!E13/'Last Year Actual'!$O13) -> #DIV/0! | G14: =$C14*('Last Year Actual'!F13/'Last Year Actual'!$O13) -> #DIV/0! | H14: =$C14*('Last Year Actual'!G13/'Last Year Actual'!$O13) -> #DIV/0! | I14: =$C14*('Last Year Actual'!H13/'Last Year Actual'!$O13) -> #DIV/0! | J14: =$C14*('Last Year Actual'!I13/'Last Year Actual'!$O13) -> #DIV/0! | K14: =$C14*('Last Year Actual'!J13/'Last Year Actual'!$O13) -> #DIV/0! | ... O14: =$C14*('Last Year Actual'!N13/'Last Year Actual'!$O13) -> #DIV/0! | P14: =SUM(D14:O14) -> #DIV/0!
B15: Corporate/Foundation Grants | C15: 100000 | D15: =$C15*('Last Year Actual'!C14/'Last Year Actual'!$O14) -> #DIV/0! | E15: =$C15*('Last Year Actual'!D14/'Last Year Actual'!$O14) -> #DIV/0! | F15: =$C15*('Last Year Actual'!E14/'Last Year Actual'!$O14) -> #DIV/0! | G15: =$C15*('Last Year Actual'!F14/'Last Year Actual'!$O14) -> #DIV/0! | H15: =$C15*('Last Year Actual'!G14/'Last Year Actual'!$O14) -> #DIV/0! | I15: =$C15*('Last Year Actual'!H14/'Last Year Actual'!$O14) -> #DIV/0! | J15: =$C15*('Last Year Actual'!I14/'Last Year Actual'!$O14) -> #DIV/0! | K15: =$C15*('Last Year Actual'!J14/'Last Year Actual'!$O14) -> #DIV/0! | L15: =$C15*('Last Year Actual'!K14/'Last Year Actual'!$O14) -> #DIV/0! | M15: 100000 | N15: =$C15*('Last Year Actual'!M14/'Last Year Actual'!$O14) -> #DIV/0! | O15: =$C15*('Last Year Actual'!N14/'Last Year Actual'!$O14) -> #DIV/0! | P15: =SUM(D15:O15) -> #DIV/0!
B16: Events Gross Income (incl. sponsorships)* | C16: ='Last Year Actual'!O15 -> 250000 | D16: =$C16*('Last Year Actual'!C15/'Last Year Actual'!$O15) -> 25000 | E16: =$C16*('Last Year Actual'!D15/'Last Year Actual'!$O15) -> 0 | F16: =$C16*('Last Year Actual'!E15/'Last Year Actual'!$O15) -> 0 | G16: =$C16*('Last Year Actual'!F15/'Last Year Actual'!$O15) -> 0 | H16: =$C16*('Last Year Actual'!G15/'Last Year Actual'!$O15) -> 0 | I16: =$C16*('Last Year Actual'!H15/'Last Year Actual'!$O15) -> 0 | J16: =$C16*('Last Year Actual'!I15/'Last Year Actual'!$O15) -> 0 | K16: =$C16*('Last Year Actual'!J15/'Last Year Actual'!$O15) -> 0 | ... O16: =$C16*('Last Year Actual'!N15/'Last Year Actual'!$O15) -> 0 | P16: =SUM(D16:O16) -> 250000
B18: Earned Revenue | C18: =SUM(C19:C25) -> 95000 | D18: =SUM(D19:D25) -> #DIV/0! | E18: =SUM(E19:E25) -> #DIV/0! | F18: =SUM(F19:F25) -> #DIV/0! | G18: =SUM(G19:G25) -> #DIV/0! | H18: =SUM(H19:H25) -> #DIV/0! | I18: =SUM(I19:I25) -> #DIV/0! | J18: =SUM(J19:J25) -> #DIV/0! | ... P18: =SUM(P19:P25) -> #DIV/0!
B19: Federal Gov't Contracts | C19: ='Last Year Actual'!O18 -> 0 | D19: =$C19*('Last Year Actual'!C18/'Last Year Actual'!$O18) -> #DIV/0! | E19: =$C19*('Last Year Actual'!D18/'Last Year Actual'!$O18) -> #DIV/0! | F19: =$C19*('Last Year Actual'!E18/'Last Year Actual'!$O18) -> #DIV/0! | G19: =$C19*('Last Year Actual'!F18/'Last Year Actual'!$O18) -> #DIV/0! | H19: =$C19*('Last Year Actual'!G18/'Last Year Actual'!$O18) -> #DIV/0! | I19: =$C19*('Last Year Actual'!H18/'Last Year Actual'!$O18) -> #DIV/0! | J19: =$C19*('Last Year Actual'!I18/'Last Year Actual'!$O18) -> #DIV/0! | K19: =$C19*('Last Year Actual'!J18/'Last Year Actual'!$O18) -> #DIV/0! | ... O19: =$C19*('Last Year Actual'!N18/'Last Year Actual'!$O18) -> #DIV/0! | P19: =SUM(D19:O19) -> #DIV/0!
B20: State Gov't Contracts | C20: ='Last Year Actual'!O19 -> 25000 | D20: =$C20*('Last Year Actual'!C19/'Last Year Actual'!$O19) -> 25000 | E20: =$C20*('Last Year Actual'!D19/'Last Year Actual'!$O19) -> 0 | F20: =$C20*('Last Year Actual'!E19/'Last Year Actual'!$O19) -> 0 | G20: =$C20*('Last Year Actual'!F19/'Last Year Actual'!$O19) -> 0 | H20: =$C20*('Last Year Actual'!G19/'Last Year Actual'!$O19) -> 0 | I20: =$C20*('Last Year Actual'!H19/'Last Year Actual'!$O19) -> 0 | J20: =$C20*('Last Year Actual'!I19/'Last Year Actual'!$O19) -> 0 | K20: =$C20*('Last Year Actual'!J19/'Last Year Actual'!$O19) -> 0 | ... O20: =$C20*('Last Year Actual'!N19/'Last Year Actual'!$O19) -> 0 | P20: =SUM(D20:O20) -> 25000
B21: Local Gov't Contracts | C21: ='Last Year Actual'!O20 -> 70000 | D21: =$C21*('Last Year Actual'!C20/'Last Year Actual'!$O20) -> 0 | E21: =$C21*('Last Year Actual'!D20/'Last Year Actual'!$O20) -> 0 | F21: =$C21*('Last Year Actual'!E20/'Last Year Actual'!$O20) -> 0 | G21: =$C21*('Last Year Actual'!F20/'Last Year Actual'!$O20) -> 0 | H21: =$C21*('Last Year Actual'!G20/'Last Year Actual'!$O20) -> 0 | I21: =$C21*('Last Year Actual'!H20/'Last Year Actual'!$O20) -> 0 | J21: =$C21*('Last Year Actual'!I20/'Last Year Actual'!$O20) -> 0 | K21: =$C21*('Last Year Actual'!J20/'Last Year Actual'!$O20) -> 0 | ... O21: =$C21*('Last Year Actual'!N20/'Last Year Actual'!$O20) -> 0 | P21: =SUM(D21:O21) -> 70000
B22: Program 1 Fees* | C22: ='Last Year Actual'!O21 -> 0 | D22: =$C22*('Last Year Actual'!C21/'Last Year Actual'!$O21) -> #DIV/0! | E22: =$C22*('Last Year Actual'!D21/'Last Year Actual'!$O21) -> #DIV/0! | F22: =$C22*('Last Year Actual'!E21/'Last Year Actual'!$O21) -> #DIV/0! | G22: =$C22*('Last Year Actual'!F21/'Last Year Actual'!$O21) -> #DIV/0! | H22: =$C22*('Last Year Actual'!G21/'Last Year Actual'!$O21) -> #DIV/0! | I22: =$C22*('Last Year Actual'!H21/'Last Year Actual'!$O21) -> #DIV/0! | J22: =$C22*('Last Year Actual'!I21/'Last Year Actual'!$O21) -> #DIV/0! | K22: =$C22*('Last Year Actual'!J21/'Last Year Actual'!$O21) -> #DIV/0! | ... O22: =$C22*('Last Year Actual'!N21/'Last Year Actual'!$O21) -> #DIV/0! | P22: =SUM(D22:O22) -> #DIV/0!
B23: Program 2 Fees* | C23: ='Last Year Actual'!O22 -> 0 | D23: =$C23*('Last Year Actual'!C22/'Last Year Actual'!$O22) -> #DIV/0! | E23: =$C23*('Last Year Actual'!D22/'Last Year Actual'!$O22) -> #DIV/0! | F23: =$C23*('Last Year Actual'!E22/'Last Year Actual'!$O22) -> #DIV/0! | G23: =$C23*('Last Year Actual'!F22/'Last Year Actual'!$O22) -> #DIV/0! | H23: =$C23*('Last Year Actual'!G22/'Last Year Actual'!$O22) -> #DIV/0! | I23: =$C23*('Last Year Actual'!H22/'Last Year Actual'!$O22) -> #DIV/0! | J23: =$C23*('Last Year Actual'!I22/'Last Year Actual'!$O22) -> #DIV/0! | K23: =$C23*('Last Year Actual'!J22/'Last Year Actual'!$O22) -> #DIV/0! | ... O23: =$C23*('Last Year Actual'!N22/'Last Year Actual'!$O22) -> #DIV/0! | P23: =SUM(D23:O23) -> #DIV/0!
B24: Investment Income | C24: ='Last Year Actual'!O23 -> 0 | D24: =$C24*('Last Year Actual'!C23/'Last Year Actual'!$O23) -> #DIV/0! | E24: =$C24*('Last Year Actual'!D23/'Last Year Actual'!$O23) -> #DIV/0! | F24: =$C24*('Last Year Actual'!E23/'Last Year Actual'!$O23) -> #DIV/0! | G24: =$C24*('Last Year Actual'!F23/'Last Year Actual'!$O23) -> #DIV/0! | H24: =$C24*('Last Year Actual'!G23/'Last Year Actual'!$O23) -> #DIV/0! | I24: =$C24*('Last Year Actual'!H23/'Last Year Actual'!$O23) -> #DIV/0! | J24: =$C24*('Last Year Actual'!I23/'Last Year Actual'!$O23) -> #DIV/0! | K24: =$C24*('Last Year Actual'!J23/'Last Year Actual'!$O23) -> #DIV/0! | ... O24: =$C24*('Last Year Actual'!N23/'Last Year Actual'!$O23) -> #DIV/0! | P24: =SUM(D24:O24) -> #DIV/0!
B25: Other Income | C25: ='Last Year Actual'!O24 -> 0 | D25: =$C25*('Last Year Actual'!C24/'Last Year Actual'!$O24) -> #DIV/0! | E25: =$C25*('Last Year Actual'!D24/'Last Year Actual'!$O24) -> #DIV/0! | F25: =$C25*('Last Year Actual'!E24/'Last Year Actual'!$O24) -> #DIV/0! | G25: =$C25*('Last Year Actual'!F24/'Last Year Actual'!$O24) -> #DIV/0! | H25: =$C25*('Last Year Actual'!G24/'Last Year Actual'!$O24) -> #DIV/0! | I25: =$C25*('Last Year Actual'!H24/'Last Year Actual'!$O24) -> #DIV/0! | J25: =$C25*('Last Year Actual'!I24/'Last Year Actual'!$O24) -> #DIV/0! | K25: =$C25*('Last Year Actual'!J24/'Last Year Actual'!$O24) -> #DIV/0! | ... O25: =$C25*('Last Year Actual'!N24/'Last Year Actual'!$O24) -> #DIV/0! | P25: =SUM(D25:O25) -> #DIV/0!
A27: Expenses | C27: =SUM(C28:C39) -> 1732460 | D27: =SUM(D28:D39) -> #DIV/0! | E27: =SUM(E28:E39) -> #DIV/0! | F27: =SUM(F28:F39) -> #DIV/0! | G27: =SUM(G28:G39) -> #DIV/0! | H27: =SUM(H28:H39) -> #DIV/0! | I27: =SUM(I28:I39) -> #DIV/0! | J27: =SUM(J28:J39) -> #DIV/0! | ... P27: =SUM(P28:P39) -> #DIV/0!
B28: Staff Wages/Benefits | C28: ='Last Year Actual'!O27*1.03 -> 927000 | D28: =$C28*('Last Year Actual'!C27/'Last Year Actual'!$O27) -> 77250 | E28: =$C28*('Last Year Actual'!D27/'Last Year Actual'!$O27) -> 77250 | F28: =$C28*('Last Year Actual'!E27/'Last Year Actual'!$O27) -> 77250 | G28: =$C28*('Last Year Actual'!F27/'Last Year Actual'!$O27) -> 77250 | H28: =$C28*('Last Year Actual'!G27/'Last Year Actual'!$O27) -> 77250 | I28: =$C28*('Last Year Actual'!H27/'Last Year Actual'!$O27) -> 77250 | J28: =$C28*('Last Year Actual'!I27/'Last Year Actual'!$O27) -> 77250 | K28: =$C28*('Last Year Actual'!J27/'Last Year Actual'!$O27) -> 77250 | ... O28: =$C28*('Last Year Actual'!N27/'Last Year Actual'!$O27) -> 77250 | P28: =SUM(D28:O28) -> 927000
B29: Lease/Facility Expenses | C29: ='Last Year Actual'!O28*1.03 -> 309000 | D29: =$C29*('Last Year Actual'!C28/'Last Year Actual'!$O28) -> 25750 | E29: =$C29*('Last Year Actual'!D28/'Last Year Actual'!$O28) -> 25750 | F29: =$C29*('Last Year Actual'!E28/'Last Year Actual'!$O28) -> 25750 | G29: =$C29*('Last Year Actual'!F28/'Last Year Actual'!$O28) -> 25750 | H29: =$C29*('Last Year Actual'!G28/'Last Year Actual'!$O28) -> 25750 | I29: =$C29*('Last Year Actual'!H28/'Last Year Actual'!$O28) -> 25750 | J29: =$C29*('Last Year Actual'!I28/'Last Year Actual'!$O28) -> 25750 | K29: =$C29*('Last Year Actual'!J28/'Last Year Actual'!$O28) -> 25750 | ... O29: =$C29*('Last Year Actual'!N28/'Last Year Actual'!$O28) -> 25750 | P29: =SUM(D29:O29) -> 309000
B30: Professional Services | C30: ='Last Year Actual'!O29*1.03 -> 185400 | D30: =$C30*('Last Year Actual'!C29/'Last Year Actual'!$O29) -> 15450 | E30: =$C30*('Last Year Actual'!D29/'Last Year Actual'!$O29) -> 15450 | F30: =$C30*('Last Year Actual'!E29/'Last Year Actual'!$O29) -> 15450 | G30: =$C30*('Last Year Actual'!F29/'Last Year Actual'!$O29) -> 15450 | H30: =$C30*('Last Year Actual'!G29/'Last Year Actual'!$O29) -> 15450 | I30: =$C30*('Last Year Actual'!H29/'Last Year Actual'!$O29) -> 15450 | J30: =$C30*('Last Year Actual'!I29/'Last Year Actual'!$O29) -> 15450 | K30: =$C30*('Last Year Actual'!J29/'Last Year Actual'!$O29) -> 15450 | ... O30: =$C30*('Last Year Actual'!N29/'Last Year Actual'!$O29) -> 15450 | P30: =SUM(D30:O30) -> 185400
B31: Marketing/Advertising | C31: ='Last Year Actual'!O30*1.03 -> 43260 | D31: =$C31*('Last Year Actual'!C30/'Last Year Actual'!$O30) -> 3605 | E31: =$C31*('Last Year Actual'!D30/'Last Year Actual'!$O30) -> 3605 | F31: =$C31*('Last Year Actual'!E30/'Last Year Actual'!$O30) -> 3605 | G31: =$C31*('Last Year Actual'!F30/'Last Year Actual'!$O30) -> 3605 | H31: =$C31*('Last Year Actual'!G30/'Last Year Actual'!$O30) -> 3605 | I31: =$C31*('Last Year Actual'!H30/'Last Year Actual'!$O30) -> 3605 | J31: =$C31*('Last Year Actual'!I30/'Last Year Actual'!$O30) -> 3605 | K31: =$C31*('Last Year Actual'!J30/'Last Year Actual'!$O30) -> 3605 | ... O31: =$C31*('Last Year Actual'!N30/'Last Year Actual'!$O30) -> 3605 | P31: =SUM(D31:O31) -> 43260
B32: Program 1* | C32: ='Last Year Actual'!O31*1.03 -> 77250 | D32: =$C32*('Last Year Actual'!C31/'Last Year Actual'!$O31) -> 0 | E32: =$C32*('Last Year Actual'!D31/'Last Year Actual'!$O31) -> 0 | F32: =$C32*('Last Year Actual'!E31/'Last Year Actual'!$O31) -> 0 | G32: =$C32*('Last Year Actual'!F31/'Last Year Actual'!$O31) -> 0 | H32: =$C32*('Last Year Actual'!G31/'Last Year Actual'!$O31) -> 0 | I32: =$C32*('Last Year Actual'!H31/'Last Year Actual'!$O31) -> 0 | J32: =$C32*('Last Year Actual'!I31/'Last Year Actual'!$O31) -> 0 | K32: =$C32*('Last Year Actual'!J31/'Last Year Actual'!$O31) -> 0 | ... O32: =$C32*('Last Year Actual'!N31/'Last Year Actual'!$O31) -> 0 | P32: =SUM(D32:O32) -> 77250
B33: Program 2* | C33: ='Last Year Actual'!O32*1.03 -> 43260 | D33: =$C33*('Last Year Actual'!C32/'Last Year Actual'!$O32) -> 3605 | E33: =$C33*('Last Year Actual'!D32/'Last Year Actual'!$O32) -> 3605 | F33: =$C33*('Last Year Actual'!E32/'Last Year Actual'!$O32) -> 3605 | G33: =$C33*('Last Year Actual'!F32/'Last Year Actual'!$O32) -> 3605 | H33: =$C33*('Last Year Actual'!G32/'Last Year Actual'!$O32) -> 3605 | I33: =$C33*('Last Year Actual'!H32/'Last Year Actual'!$O32) -> 3605 | J33: =$C33*('Last Year Actual'!I32/'Last Year Actual'!$O32) -> 3605 | K33: =$C33*('Last Year Actual'!J32/'Last Year Actual'!$O32) -> 3605 | ... O33: =$C33*('Last Year Actual'!N32/'Last Year Actual'!$O32) -> 3605 | P33: =SUM(D33:O33) -> 43260
B34: Event Expenses | C34: ='Last Year Actual'!O33*1.03 -> 66950 | D34: =$C34*('Last Year Actual'!C33/'Last Year Actual'!$O33) -> 0 | E34: =$C34*('Last Year Actual'!D33/'Last Year Actual'!$O33) -> 0 | F34: =$C34*('Last Year Actual'!E33/'Last Year Actual'!$O33) -> 0 | G34: =$C34*('Last Year Actual'!F33/'Last Year Actual'!$O33) -> 0 | H34: =$C34*('Last Year Actual'!G33/'Last Year Actual'!$O33) -> 0 | I34: =$C34*('Last Year Actual'!H33/'Last Year Actual'!$O33) -> 0 | J34: =$C34*('Last Year Actual'!I33/'Last Year Actual'!$O33) -> 0 | K34: =$C34*('Last Year Actual'!J33/'Last Year Actual'!$O33) -> 0 | ... O34: =$C34*('Last Year Actual'!N33/'Last Year Actual'!$O33) -> 0 | P34: =SUM(D34:O34) -> 66950
B35: Other Fundraising Expenses | C35: ='Last Year Actual'!O34*1.03 -> 0 | D35: =$C35*('Last Year Actual'!C34/'Last Year Actual'!$O34) -> #DIV/0! | E35: =$C35*('Last Year Actual'!D34/'Last Year Actual'!$O34) -> #DIV/0! | F35: =$C35*('Last Year Actual'!E34/'Last Year Actual'!$O34) -> #DIV/0! | G35: =$C35*('Last Year Actual'!F34/'Last Year Actual'!$O34) -> #DIV/0! | H35: =$C35*('Last Year Actual'!G34/'Last Year Actual'!$O34) -> #DIV/0! | I35: =$C35*('Last Year Actual'!H34/'Last Year Actual'!$O34) -> #DIV/0! | J35: =$C35*('Last Year Actual'!I34/'Last Year Actual'!$O34) -> #DIV/0! | K35: =$C35*('Last Year Actual'!J34/'Last Year Actual'!$O34) -> #DIV/0! | ... O35: =$C35*('Last Year Actual'!N34/'Last Year Actual'!$O34) -> #DIV/0! | P35: =SUM(D35:O35) -> #DIV/0!
B36: Other Administrative | C36: ='Last Year Actual'!O35*1.03 -> 80340 | D36: =$C36*('Last Year Actual'!C35/'Last Year Actual'!$O35) -> 6695 | E36: =$C36*('Last Year Actual'!D35/'Last Year Actual'!$O35) -> 6695 | F36: =$C36*('Last Year Actual'!E35/'Last Year Actual'!$O35) -> 6695 | G36: =$C36*('Last Year Actual'!F35/'Last Year Actual'!$O35) -> 6695 | H36: =$C36*('Last Year Actual'!G35/'Last Year Actual'!$O35) -> 6695 | I36: =$C36*('Last Year Actual'!H35/'Last Year Actual'!$O35) -> 6695 | J36: =$C36*('Last Year Actual'!I35/'Last Year Actual'!$O35) -> 6695 | K36: =$C36*('Last Year Actual'!J35/'Last Year Actual'!$O35) -> 6695 | ... O36: =$C36*('Last Year Actual'!N35/'Last Year Actual'!$O35) -> 6695 | P36: =SUM(D36:O36) -> 80340
B37: Loan Payments | C37: ='Last Year Actual'!O36*1.03 -> 0 | D37: =$C37*('Last Year Actual'!C36/'Last Year Actual'!$O36) -> #DIV/0! | E37: =$C37*('Last Year Actual'!D36/'Last Year Actual'!$O36) -> #DIV/0! | F37: =$C37*('Last Year Actual'!E36/'Last Year Actual'!$O36) -> #DIV/0! | G37: =$C37*('Last Year Actual'!F36/'Last Year Actual'!$O36) -> #DIV/0! | H37: =$C37*('Last Year Actual'!G36/'Last Year Actual'!$O36) -> #DIV/0! | I37: =$C37*('Last Year Actual'!H36/'Last Year Actual'!$O36) -> #DIV/0! | J37: =$C37*('Last Year Actual'!I36/'Last Year Actual'!$O36) -> #DIV/0! | K37: =$C37*('Last Year Actual'!J36/'Last Year Actual'!$O36) -> #DIV/0! | ... O37: =$C37*('Last Year Actual'!N36/'Last Year Actual'!$O36) -> #DIV/0! | P37: =SUM(D37:O37) -> #DIV/0!
B38: Credit Card Payment (unless included in other expense categories) | C38: ='Last Year Actual'!O37*1.03 -> 0 | D38: =$C38*('Last Year Actual'!C37/'Last Year Actual'!$O37) -> #DIV/0! | E38: =$C38*('Last Year Actual'!D37/'Last Year Actual'!$O37) -> #DIV/0! | F38: =$C38*('Last Year Actual'!E37/'Last Year Actual'!$O37) -> #DIV/0! | G38: =$C38*('Last Year Actual'!F37/'Last Year Actual'!$O37) -> #DIV/0! | H38: =$C38*('Last Year Actual'!G37/'Last Year Actual'!$O37) -> #DIV/0! | I38: =$C38*('Last Year Actual'!H37/'Last Year Actual'!$O37) -> #DIV/0! | J38: =$C38*('Last Year Actual'!I37/'Last Year Actual'!$O37) -> #DIV/0! | K38: =$C38*('Last Year Actual'!J37/'Last Year Actual'!$O37) -> #DIV/0! | ... O38: =$C38*('Last Year Actual'!N37/'Last Year Actual'!$O37) -> #DIV/0! | P38: =SUM(D38:O38) -> #DIV/0!
B39: Other Expenses | C39: ='Last Year Actual'!O38*1.03 -> 0 | D39: =$C39*('Last Year Actual'!C38/'Last Year Actual'!$O38) -> #DIV/0! | E39: =$C39*('Last Year Actual'!D38/'Last Year Actual'!$O38) -> #DIV/0! | F39: =$C39*('Last Year Actual'!E38/'Last Year Actual'!$O38) -> #DIV/0! | G39: =$C39*('Last Year Actual'!F38/'Last Year Actual'!$O38) -> #DIV/0! | H39: =$C39*('Last Year Actual'!G38/'Last Year Actual'!$O38) -> #DIV/0! | I39: =$C39*('Last Year Actual'!H38/'Last Year Actual'!$O38) -> #DIV/0! | J39: =$C39*('Last Year Actual'!I38/'Last Year Actual'!$O38) -> #DIV/0! | K39: =$C39*('Last Year Actual'!J38/'Last Year Actual'!$O38) -> #DIV/0! | ... O39: =$C39*('Last Year Actual'!N38/'Last Year Actual'!$O38) -> #DIV/0! | P39: =SUM(D39:O39) -> #DIV/0!
B41: Net Revenue | C41: =C7-C27 -> 47540 | D41: =D7-D27 -> #DIV/0! | E41: =E7-E27 -> #DIV/0! | F41: =F7-F27 -> #DIV/0! | G41: =G7-G27 -> #DIV/0! | H41: =H7-H27 -> #DIV/0! | I41: =I7-I27 -> #DIV/0! | J41: =J7-J27 -> #DIV/0! | ... P41: =P7-P27 -> #DIV/0!
B42: *Insert additional programs or events needed if your track them or you can combine into one line
B44: Comments (use this section to explain any unusual expense/revenues that may not be repeated in future years)

Sheet Actuals and Projection
B1: Organization Name: | L1: Provided by
A2: Actuals plus Projection through end of (Fiscal Year)
B3: Note: Enter the Actual Income/Expenses year to date through February for this fiscal Year - provide a projection for the next six months
C4: Fiscal YTD Actuals | D4: Sept | E4: Oct | F4: Nov | G4: Dec | H4: Jan | I4: Feb | J4: Mar | K4: Apr | L4: May | M4: June | N4: Total Year
A6: Income | C6: =C7+C17 -> 1207222.2 | D6: =D7+D17 -> 5550 | E6: =E7+E17 -> 600 | F6: =F7+F17 -> 0 | G6: =G7+G17 -> 75000 | H6: =H7+H17 -> 105000 | I6: =I7+I17 -> 30000 | J6: =J7+J17 -> 55000 | ... N6: =N7+N17 -> 1535872.2
B7: Contributed Support | C7: =SUM(C8:C15) -> 1182222.2 | D7: =SUM(D8:D15) -> 5550 | E7: =SUM(E8:E15) -> 600 | F7: =SUM(F8:F15) -> 0 | G7: =SUM(G8:G15) -> 75000 | H7: =SUM(H8:H15) -> 100000 | I7: =SUM(I8:I15) -> 25000 | J7: =SUM(J8:J15) -> 40000 | ... N7: =SUM(N8:N15) -> 1470872.2
B8: Federal Gov't Grants | C8: =SUM('Current Year Budget'!D9:K9) -> 622222.22 | G8: 75000 | H8: 75000 | N8: =SUM(C8:M8) -> 772222.22
B9: State Gov't Grants | C9: =SUM('Current Year Budget'!D10:K10) -> 500000 | H9: 25000 | I9: 25000 | J9: 25000 | N9: =SUM(C9:M9) -> 575000
B10: Local Gov't Grants | N10: =SUM(C10:M10) -> 0
B11: Individual Gifts | C11: =SUM('Current Year Budget'!D12:K12) -> 35000 | D11: 550 | E11: 600 | M11: 2500 | N11: =SUM(C11:M11) -> 38650
B12: Memberships | N12: =SUM(C12:M12) -> 0
B13: Bequests | N13: =SUM(C13:M13) -> 0
B14: Corporate/Foundation Grants | D14: 5000 | F14: 0 | L14: 25000 | N14: =SUM(C14:M14) -> 30000
B15: Events Gross Income (incl. sponsorships)* | C15: =SUM('Current Year Budget'!D16:K16) -> 25000 | J15: 15000 | K15: 15000 | N15: =SUM(C15:M15) -> 55000
B17: Earned Revenue | C17: =SUM(C18:C24) -> 25000 | D17: =SUM(D18:D24) -> 0 | E17: =SUM(E18:E24) -> 0 | F17: =SUM(F18:F24) -> 0 | G17: =SUM(G18:G24) -> 0 | H17: =SUM(H18:H24) -> 5000 | I17: =SUM(I18:I24) -> 5000 | J17: =SUM(J18:J24) -> 15000 | ... N17: =SUM(N18:N24) -> 65000
B18: Federal Gov't Contracts | N18: =SUM(C18:M18) -> 0
B19: State Gov't Contracts | C19: =SUM('Current Year Budget'!D20:K20) -> 25000 | N19: =SUM(C19:M19) -> 25000
B20: Local Gov't Contracts | C20: =SUM('Current Year Budget'!D21:K21) -> 0 | N20: =SUM(C20:M20) -> 0
B21: Program 1 Fees* | H21: 5000 | I21: 5000 | J21: 15000 | K21: 5000 | L21: 5000 | M21: 5000 | N21: =SUM(C21:M21) -> 40000
B22: Program 2 Fees* | N22: =SUM(C22:M22) -> 0
B23: Investment Income | N23: =SUM(C23:M23) -> 0
B24: Other Income | N24: =SUM(C24:M24) -> 0
A26: Expenses | C26: =SUM(C27:C38) -> 1058840 | D26: =SUM(D27:D38) -> 40000 | E26: =SUM(E27:E38) -> 40000 | F26: =SUM(F27:F38) -> 60999 | G26: =SUM(G27:G38) -> 41500 | H26: =SUM(H27:H38) -> 38000 | I26: =SUM(I27:I38) -> 65000 | J26: =SUM(J27:J38) -> 38000 | ... N26: =SUM(N27:N38) -> 1518039
B27: Staff Wages/Benefits | C27: =SUM('Current Year Budget'!D28:K28) -> 618000 | D27: 35000 | E27: 15000 | F27: 35000 | G27: 35000 | H27: =35000+3000 -> 38000 | I27: =35000+3000 -> 38000 | J27: =35000+3000 -> 38000 | K27: =35000+3000 -> 38000 | L27: =35000+3000 -> 38000 | M27: =35000+3000 -> 38000 | N27: =SUM(C27:M27) -> 966000
B28: Lease/Facility Expenses | C28: =SUM('Current Year Budget'!D29:K29) -> 206000 | N28: =SUM(C28:M28) -> 206000
B29: Professional Services | C29: =SUM('Current Year Budget'!D30:K30) -> 123600 | N29: =SUM(C29:M29) -> 123600
B30: Marketing/Advertising | C30: =SUM('Current Year Budget'!D31:K31) -> 28840 | E30: 25000 | N30: =SUM(C30:M30) -> 53840
B31: Program 1* | C31: =SUM('Current Year Budget'!D32:K32) -> 0 | F31: 25999 | N31: =SUM(C31:M31) -> 25999
B32: Program 2* | C32: =SUM('Current Year Budget'!D33:K33) -> 28840 | K32: 2700 | L32: 9000 | M32: 10000 | N32: =SUM(C32:M32) -> 50540
B33: Event Expenses | C33: =SUM('Current Year Budget'!D34:K34) -> 0 | D33: 5000 | G33: 6500 | N33: =SUM(C33:M33) -> 11500
B34: Other Fundraising Expenses | I34: 27000 | N34: =SUM(C34:M34) -> 27000
B35: Other Administrative | C35: =SUM('Current Year Budget'!D36:K36) -> 53560 | N35: =SUM(C35:M35) -> 53560
B36: Loan Payments | N36: =SUM(C36:M36) -> 0
B37: Credit Card Payment (unless included in other expense categories) | N37: =SUM(C37:M37) -> 0
B38: Other Expenses | N38: =SUM(C38:M38) -> 0
B40: Net Revenue | C40: =C6-C26 -> 148382.22 | D40: =D6-D26 -> -34450 | E40: =E6-E26 -> -39400 | F40: =F6-F26 -> -60999 | G40: =G6-G26 -> 33500 | H40: =H6-H26 -> 67000 | I40: =I6-I26 -> -35000 | J40: =J6-J26 -> 17000 | ... N40: =N6-N26 -> 17833.222
B41: *Insert additional programs or events needed if your track them or you can combine into one line
B43: Average Monthly Expenses | D43: =D26 -> 40000 | E43: =(D26+E26)/2 -> 40000 | F43: =(F26+E26+D26)/3 -> 46999.667 | G43: =(G26+F26+E26+D26)/4 -> 45624.75 | H43: =(SUM(D26:H26))/5 -> 44099.8 | I43: =(SUM(D26:I26))/6 -> 47583.167 | J43: =(SUM(D26:J26))/7 -> 46214.143 | K43: =(SUM(D26:K26))/7 -> 52028.429 | L43: =(SUM(D26:L26))/9 -> 45688.778 | M43: =(SUM(D26:M26))/10 -> 45919.9
B45: Comments (use this section to explain your assumptions for the coming months)

Sheet Cash Flow Projection
B1: Organization Name: | K1: Provided by
A2: Cash Flow Projection
B3: Note: Enter the Opening Bank Balance for Unrestricted funds/if using funds from restricted dollars from the prior year place in row 10
B5: Unrestricted Cash on Hand (date) | D5: 156000
C7: Fiscal YTD Actuals | D7: Mar | E7: Apr | F7: May | G7: June | H7: July | I7: Aug | J7: Sept | K7: Oct | L7: Nov | M7: Dec
B8: Beginning Cash Balance /Month | D8: =D5 -> 156000 | E8: =D18 -> 121550 | F8: =E18 -> 82150 | G8: =F18 -> 21151 | H8: =G18 -> 54651 | I8: =H18 -> 121651 | J8: =I18 -> 86651 | K8: =J18 -> 103651 | L8: =K18 -> 82951 | M8: =L18 -> 65951
A9: Inflows (formula from Projection) | C9: =SUM(C10:C11) -> 1357222.2 | D9: ='Actuals and Projection'!D6 -> 5550 | E9: =SUM(E10:E11) -> 600 | F9: =SUM(F10:F11) -> 0 | G9: =SUM(G10:G11) -> 75000 | H9: =SUM(H10:H11) -> 105000 | I9: =SUM(I10:I11) -> 30000 | J9: =SUM(J10:J11) -> 55000 | K9: =SUM(K10:K11) -> 20000 | L9: =SUM(L10:L11) -> 30000 | M9: =SUM(M10:M11) -> 7500
B10: Income from Projection | C10: ='Actuals and Projection'!C6 -> 1207222.2 | D10: ='Actuals and Projection'!D6 -> 5550 | E10: ='Actuals and Projection'!E6 -> 600 | F10: ='Actuals and Projection'!F6 -> 0 | G10: ='Actuals and Projection'!G6 -> 75000 | H10: ='Actuals and Projection'!H6 -> 105000 | I10: ='Actuals and Projection'!I6 -> 30000 | J10: ='Actuals and Projection'!J6 -> 55000 | ... M10: ='Actuals and Projection'!M6 -> 7500
B11: restricted funds released | C11: 150000
A13: Outflows | C13: ='Actuals and Projection'!C26 -> 1058840 | D13: ='Actuals and Projection'!D26 -> 40000 | E13: ='Actuals and Projection'!E26 -> 40000 | F13: ='Actuals and Projection'!F26 -> 60999 | G13: ='Actuals and Projection'!G26 -> 41500 | H13: ='Actuals and Projection'!H26 -> 38000 | I13: ='Actuals and Projection'!I26 -> 65000 | J13: ='Actuals and Projection'!J26 -> 38000 | ... M13: ='Actuals and Projection'!M26 -> 48000
B15: Net Revenue | C15: =C9-C13 -> 298382.22 | D15: =D9-D13 -> -34450 | E15: =E9-E13 -> -39400 | F15: =F9-F13 -> -60999 | G15: =G9-G13 -> 33500 | H15: =H9-H13 -> 67000 | I15: =I9-I13 -> -35000 | J15: =J9-J13 -> 17000 | ... M15: =M9-M13 -> -40500
B18: Ending Balance of Cash on Hand | C18: =D5+C15 -> 454382.22 | D18: =D8+D15 -> 121550 | E18: =E8+E15 -> 82150 | F18: =F8+F15 -> 21151 | G18: =G8+G15 -> 54651 | H18: =H8+H15 -> 121651 | I18: =I8+I15 -> 86651 | J18: =J8+J15 -> 103651 | K18: =K8+K15 -> 82951 | ... M18: =M8+M15 -> 25451
B19: Number of Months Available | C19: =C18/'Actuals and Projection'!D43 -> 11.359556 | D19: =D18/'Actuals and Projection'!D43 -> 3.03875 | E19: =E18/'Actuals and Projection'!E43 -> 2.05375 | F19: =F18/'Actuals and Projection'!F43 -> 0.45002447 | G19: =G18/'Actuals and Projection'!G43 -> 1.1978367 | H19: =H18/'Actuals and Projection'!H43 -> 2.7585386 | I19: =I18/'Actuals and Projection'!I43 -> 1.8210432 | J19: =J18/'Actuals and Projection'!J43 -> 2.2428416 | K19: =K18/'Actuals and Projection'!K43 -> 1.5943399 | ... M19: =M18/'Actuals and Projection'!M43 -> 0.55424772
